 Dungeon Crawl Stone Soup version 0.19.5 (webtiles) character file.

4086 McKennaii the Zephyrmancer (level 10, -1/60 HPs)
             Began as a High Elf Air Elementalist on Apr 18, 2017.
             Was a Follower of Sif Muna.
             Slain by a white ugly thing (32 damage)
             ... on level 9 of the Dungeon.
             The game lasted 01:01:56 (10600 turns).

McKennaii the Zephyrmancer (HEAE)                  Turns: 10600, Time: 01:01:56

Health: -1/60      AC:  6    Str:  7    XL:     10   Next: 5%
Magic:  24/24      EV: 15    Int: 23    God:    Sif Muna [*.....]
Gold:   233        SH:  4    Dex: 16    Spells: 4 memorised, 17 levels left

rFire  . . .     SeeInvis .     E - +2 falchion (holy)
rCold  . . .     Gourm    .     a - +0 robe
rNeg   . . .     Faith    .     (no shield)
rPois  .         Spirit   .     (no helmet)
rElec  .         Reflect  +     s - +1 cloak
rCorr  .         Harm     .     H - +0 pair of gloves
MR     +....                    l - +0 pair of boots
Stlth  +++.......               k - +4 amulet of reflection
                                (no ring)
                                (no ring)

@: repel missiles, drained
A: no striking features
a: Divine Energy, Renounce Religion


You were on level 9 of the Dungeon.
You worshipped Sif Muna.
Sif Muna was aware of your devotion.
You were not hungry.

You visited 2 branches of the dungeon, and saw 10 of its levels.

You collected 493 gold pieces.
You spent 260 gold pieces at shops.

Inventory:

Hand Weapons
 E - a +2 falchion of holy wrath (weapon)
Armour
 a - a +0 robe (worn)
 l - a +0 pair of boots (worn)
 s - a +1 cloak (worn)
 H - a +0 pair of gloves (worn)
Magical Staves
 B - an uncursed staff of power
Jewellery
 g - a cursed amulet of inaccuracy {unknown}
 k - a +4 amulet of reflection (around neck)
 z - an uncursed amulet of faith
 D - an uncursed amulet of guardian spirit
Wands
 u - a wand of flame (19/48)
 I - a wand of polymorph (11/24)
 K - a wand of flame (28/48)
 M - a wand of flame (19/48)
 N - a wand of acid (6/15)
Scrolls
 f - 2 scrolls of fog
 h - 3 scrolls of random uselessness
 o - 5 scrolls of identify
 q - 2 scrolls of noise
 y - 2 scrolls of enchant weapon
 C - 2 scrolls of remove curse
 F - a scroll of magic mapping
 G - a scroll of enchant armour
 J - a scroll of recharging {unknown}
Potions
 c - 4 potions of heal wounds
 d - a potion of mutation {unknown}
 e - a potion of brilliance {unknown}
 j - 3 potions of lignification
 m - a potion of magic {unknown}
 n - a potion of cancellation {unknown}
 p - a potion of resistance {unknown}
 r - 3 potions of curing
 t - 2 potions of agility {unknown}
 v - a potion of degeneration {unknown}
 w - a potion of berserk rage {unknown}
 A - 3 potions of might {unknown}
 L - a potion of invisibility {unknown}
Books
 b - a book of Air

   Spells                             Type                      Level
   a - Shock                          Conjuration/Air              1
   b - Swiftness                      Charms/Air                   2
   c - Repel Missiles                 Charms/Air                   2
   d - Static Discharge               Conjuration/Air              3
   e - Lightning Bolt                 Conjuration/Air              5
 x - a book of Changes

   Spells                             Type                      Level
   a - Beastly Appendage              Transmutation                1
   b - Sticks to Snakes               Transmutation                2
   c - Spider Form                    Transmutation/Poison         3
   d - Ice Form                       Ice/Transmutation            4
   e - Blade Hands                    Transmutation                5


   Skills:
 + Level 2.1(1.9) Fighting
 + Level 2.0(1.8) Long Blades
 + Level 4.6(4.4) Dodging
 + Level 3.9(3.7) Stealth
 + Level 9.3(9.1) Spellcasting
 + Level 8.4(8.2) Conjurations
 + Level 0.5(0.4) Charms
 + Level 9.5(9.3) Air Magic


You had 17 spell levels left.
You knew the following spells:

 Your Spells              Type           Power        Failure   Level  Hunger
a - Shock                 Conj/Air       ####         1%          1    None
b - Swiftness             Chrm/Air       ####....     1%          2    None
c - Repel Missiles        Chrm/Air       ####..       1%          2    None
d - Lightning Bolt        Conj/Air       ######....   6%          5    ####...


Dungeon Overview and Level Annotations

Branches:
Dungeon (9/15)             Temple (1/1) D:6
   Lair: D:8-11         Orc: D:9-12

Altars:
Ashenzari
Cheibriados
Dithmenos
Elyvilon
Fedhas
Gozag
Hepliaklqana
Kikubaaqudgha
Makhleb
Nemelex Xobeh
Okawaru
Qazlal
Ru
Sif Muna
Trog
Uskayaw
Vehumet
Xom
Yredelemnul
Zin
The Shining One

Shops:
D:5 =   D:7 ?


Message History

Casting: Shock
Confirm with . or Enter, or press ? or * to list all spells.
Aiming: Shock
Press: ? - help, Shift-Dir - straight line, f/p - big kobold
Aim: a big kobold, wielding a whip (lightly wounded)
The zap hits the big kobold.
The big kobold is moderately wounded.
The zap hits the kobold.
The kobold is moderately wounded.
The kobold shouts!
The cyclops shouts!
The cyclops throws a large rock.
The large rock hits you!!
A kobold comes into view. It is wielding a club.
Things that are here:
a flail of holy wrath; a hand axe That item cannot be evoked!
The white ugly thing gurgles horribly!
You see here an adder corpse.
The white ugly thing gores you! The white ugly thing freezes you!!
Ouch! That really hurt!
You die...

.................# #.. #####.
.###...#######K..# ...... .# #...#
#...# #.......... .# #...# #.K.#
#.......... .###...#######...#
#...#####.. .................#
#...# #.. .................#
#...#####.. ...#####..#####.u#
#.......... ...# #..# #.@#
#>......... ...#####..# #..#
#..........
..........#####..######....#####ยง
...).......................# #.
...........................# #.
..........####....#####....#####.
...#####..# #....# #..........
...# #..# #....# #.......... ...#
#..# #....# #..........


You could see a white ugly thing, a big kobold and a kobold.

Vanquished Creatures
  Pikel (D:5)
  The ghost of Hasye the Digger, a novice GrEE (D:6)
  Prince Ribbit (D:7)
  The ghost of drksl the Sneak, an amateur VSAs (D:4)
  Edmund (D:3)
  An orc warrior (D:8)
  3 slaves (D:5)
  An ice beast (D:5)
  2 ogres
  6 bullfrogs
  A wyvern skeleton (D:5)
  3 scorpions
  9 killer bees
  5 wights (D:9)
  A howler monkey (D:4)
  2 crimson imps
  A quasit (D:5)
  4 hounds
  3 jellies
  3 bullfrog zombies
  A centaur skeleton (D:5)
  Crazy Yiuf (D:2)
  4 orc priests
  6 orc wizards
  A bullfrog skeleton (D:6)
  Jessica (D:3)
  2 iguanas
  6 worker ants
  A hound skeleton (D:7)
  A howler monkey zombie (D:6)
  8 adders
  7 gnolls
  4 shadow imps
  An ooze (D:3)
  4 worms (D:2)
  A dart slug (D:2)
  4 leopard geckos
  31 orcs
  5 ball pythons
  5 bats
  8 giant cockroaches
  12 goblins
  7 hobgoblins
  10 jackals
  3 quokkas
  4 frilled lizards
  A giant cockroach zombie (D:8)
  17 kobolds
  A quokka skeleton (D:4)
  A quokka zombie (D:7)
  11 rats
219 creatures vanquished.

Vanquished Creatures (others)
  A human (D:4)
1 creature vanquished.

Grand Total: 220 creatures vanquished

Notes
Turn   | Place    | Note
-------+----------+-------------------------------------------
     0 | D:1      | McKennaii the High Elf Air Elementalist began the quest for the Orb.
     0 | D:1      | Reached XP level 1. HP: 11/11 MP: 4/4
   161 | D:1      | Reached XP level 2. HP: 17/17 MP: 1/6
   269 | D:1      | Found an iron altar of Okawaru.
   908 | D:1      | Reached XP level 3. HP: 21/21 MP: 5/8
  1447 | D:2      | Learned a level 2 spell: Swiftness
  1450 | D:2      | Learned a level 2 spell: Repel Missiles
  1594 | D:2      | Found a runed door.
  1682 | D:2      | Reached XP level 4. HP: 27/27 MP: 2/10
  1850 | D:2      | Noticed Crazy Yiuf
  1865 | D:2      | HP: 1/27 [Crazy Yiuf/quarterstaff of chaos (11)]
  1867 | D:2      | Killed Crazy Yiuf
  2294 | D:3      | Reached XP level 5. HP: 31/31 MP: 3/12
  3189 | D:3      | Noticed Jessica
  3192 | D:3      | Killed Jessica
  3192 | D:3      | Reached skill level 5 in Air Magic
  3480 | D:4      | Noticed drksl's ghost (amateur VSAs)
  3542 | D:4      | Noticed a steam dragon
  3643 | D:4      | Found an ancient bone altar of Kikubaaqudgha.
  3646 | D:4      | Noticed a human
  3649 | D:4      | Killed a human
  3689 | D:4      | Reached XP level 6. HP: 36/36 MP: 8/13
  3816 | D:4      | Reached skill level 5 in Spellcasting
  4714 | D:5      | Entered Level 5 of the Dungeon
  4744 | D:5      | Noticed a sky beast
  4828 | D:5      | Reached XP level 7. HP: 20/41 MP: 8/16
  4846 | D:5      | Noticed Edmund
  5139 | D:3      | Learned a level 5 spell: Lightning Bolt
  5461 | D:3      | Killed Edmund
  5705 | D:4      | Killed drksl's ghost
  5705 | D:4      | Reached skill level 5 in Conjurations
  6078 | D:5      | Reached XP level 8. HP: 47/47 MP: 11/18
  6101 | D:5      | Found Bom Hyhif's Jewellery Shoppe.
  6129 | D:5      | Noticed Pikel
  6242 | D:5      | Killed Pikel
  6242 | D:5      | Reached skill level 1 in Fighting
  6242 | D:5      | Reached skill level 1 in Long Blades
  6831 | D:6      | Learned a level 5 spell: Lightning Bolt
  6891 | D:6      | Noticed Hasye's ghost (novice GrEE)
  6959 | D:6      | Found a staircase to the Ecumenical Temple.
  6972 | Temple   | Entered the Ecumenical Temple
  7017 | Temple   | Became a worshipper of Sif Muna the Loreminder
  7265 | D:6      | Reached XP level 9. HP: 53/53 MP: 21/21
  7383 | D:6      | Killed Hasye's ghost
  7751 | D:7      | Noticed Prince Ribbit
  7762 | D:7      | Killed Prince Ribbit
  8007 | D:7      | Reached * piety under Sif Muna
  8011 | D:7      | Found Qutorof's Magic Scroll Emporium.
  8019 | D:7      | Bought a scroll of enchant weapon for 75 gold pieces
  8019 | D:7      | Bought a scroll of blinking for 75 gold pieces
  8019 | D:7      | Bought a scroll of magic mapping for 35 gold pieces
  8019 | D:7      | Bought a scroll of enchant armour for 75 gold pieces
  9633 | D:8      | Found a glowing silver altar of Zin.
  9927 | D:9      | Noticed a white ugly thing
  9975 | D:9      | Found a hide-covered altar of Uskayaw.
 10175 | D:9      | Reached XP level 10. HP: 49/60 MP: 17/24
 10410 | D:9      | Found an ancient bone altar of Kikubaaqudgha.
 10418 | D:9      | Found a snail-covered altar of Cheibriados.
 10553 | D:9      | Noticed a cyclops
 10600 | D:9      | Slain by a white ugly thing

Skill      XL: |  1  2  3  4  5  6  7  8  9 10 |
---------------+-------------------------------+-----
Air Magic      | 4 5 6 8 9 |  9.5
Spellcasting   | 3 4 5 6 7 9 |  9.3
Conjurations   | 2 3 4 5 6 8 |  8.4
Dodging        | 3 4 |  4.6
Stealth        | 3 |  3.9
Fighting       | 1 2 |  2.1
Long Blades    | 1 2 |  2.0
Charms         | |  0.5

Action                   |  1- 3 |  4- 6 |  7- 9 | 10-12 || total
-------------------------+-------+-------+-------+-------++-------
Melee: Unarmed           |    14 |    12 |       |       ||    26
       Falchion          |       |       |    32 |       ||    32
 Cast: Shock             |    94 |   175 |   352 |    28 ||   649
       Repel Missiles    |     1 |       |       |       ||     1
       Swiftness         |       |     1 |     2 |       ||     3
       Lightning Bolt    |       |       |    14 |       ||    14
  Use: Scroll            |       |       |    12 |       ||    12
       Potion            |       |       |     3 |       ||     3
  Eat: Bread ration      |     1 |       |     2 |       ||     3
       Meat ration       |       |     2 |     1 |     1 ||     4
       Fruit             |       |     2 |     1 |       ||     3
Armor: Robe              |     1 |    10 |    30 |       ||    41
Dodge: Dodged            |    15 |    41 |   103 |     4 ||   163
       Deflected         |       |     1 |     1 |       ||     2
Block: Other             |     1 |     9 |    28 |       ||    38
       Rpst.: Falchion   |       |       |    25 |     1 ||    26
